 Dungeon Crawl Stone Soup version 0.28.0-53-g5a82cb258f (webtiles) character file.

Game seed: 5868971662366074771

23156 DildoBatman the Geomancer (level 13, -4/96 HPs)
             Began as a Formicid Conjurer on June 29, 2022.
             Was an Initiate of Gozag.
             Slain by Frances
             ... wielding a +1 dire flail of protection
              (15 damage)
             ... on level 12 of the Dungeon.
             The game lasted 01:03:26 (12821 turns).

DildoBatman the Geomancer (Formicid Conjurer)      Turns: 12821, Time: 01:03:26

Health: -4/96      AC: 13    Str: 15    XL:     13   Next: 33%
Magic:  2/34       EV: 12    Int: 20    God:    Gozag
Gold:   135        SH: 10    Dex: 13    Spells: 14/26 levels left

rFire   . . .      SeeInvis +   a - +4 whip (elec)
rCold   + . .      Faith    .   I - +0 buckler
rNeg    . . .      Spirit   .   H - +1 ring mail of Incorporation {rC+ Regen+}
rPois   .          Reflect  +   (helmet unavailable)
rElec   .          Harm     .   T - +1 cloak {Will+}
rCorr   .          Rampage  .   w - +0 pair of gloves
Will    ++...                   U - +1 pair of boots {Stlth+}
Stlth   ++........              g - amulet of reflection
HPRegen 1.06/turn               W - ring of magical power
MPRegen 0.24/turn               m - ring of flight

@: gold aura, flying, studying Polearms
A: permanent stasis, dig shafts and tunnels, antennae 3, four strong arms,
clever 1, high MP 1, strong 1
a: Dig, Shaft Self, Renounce Religion, Potion Petition, Call Merchant, Bribe
Branch


You were on level 12 of the Dungeon.
You worshipped Gozag.
Gozag was aware of your devotion.
You visited 2 branches of the dungeon, and saw 13 of its levels.
You also visited: Bailey.

You collected 1031 gold pieces.
You spent 550 gold pieces at shops.
You paid 346 gold pieces to Gozag.

Inventory:

Hand Weapons
 a - a +4 whip of electrocution (weapon)
 d - a +0 long sword
Missiles
 p - 383 arrows
 u - 186 sling bullets
 G - 5 javelins (quivered)
 O - 20 bolts
Armour
 w - a +0 pair of gloves (worn)
 H - the +1 ring mail of Incorporation (worn) {rC+ Regen+}
   (You found it on level 7 of the Dungeon)

   rC:        It protects you from cold.
   Regen:     It increases your rate of health regeneration.
 I - a +0 buckler (worn)
 T - a +1 cloak of willpower (worn)
 U - a +1 pair of boots of stealth (worn)
 Y - a scarf of resistance
Magical Staves
 b - a staff of conjuration
 o - a staff of poison
Jewellery
 g - an amulet of reflection (around neck)
 i - a ring of protection from cold
 m - a ring of flight (right hand)
 y - a ring of resist corrosion
 W - a ring of magical power (left hand)
Wands
 D - a wand of paralysis (3)
 S - a wand of acid (12)
Scrolls
 e - 3 scrolls of immolation
 f - a scroll of enchant weapon {unknown}
 l - 3 scrolls of teleportation {unknown}
 n - 6 scrolls of vulnerability {unknown}
 r - a scroll of blinking {unknown}
 s - a scroll of fear {unknown}
 t - a scroll of silence {unknown}
 v - a scroll of amnesia {unknown}
 z - 13 scrolls of identify
 C - 3 scrolls of magic mapping
 F - a scroll of torment {unknown}
 K - a scroll of brand weapon {unknown}
 L - 3 scrolls of fog
 R - a scroll of enchant armour {unknown}
 X - a scroll of noise {unknown}
Potions
 c - a potion of mutation
 h - 4 potions of resistance
 j - 2 potions of berserk rage {unknown}
 k - 5 potions of curing
 q - 3 potions of lignification {unknown}
 x - a potion of flight {unknown}
 A - a potion of experience {unknown}
 B - 3 potions of haste {unknown}
 E - a potion of brilliance
 M - 3 potions of might
 N - 2 potions of heal wounds
 Q - 3 potions of attraction {unknown}


   Skills:
 * Level 7.2 Fighting
 * Level 7.9 Armour
 * Level 5.2 Dodging
 - Level 2.4 Stealth
 * Level 6.3 Shields
 - Level 7.0 Spellcasting
 - Level 6.0 Conjurations
 - Level 12.0 Necromancy
 - Level 12.0 Earth Magic


You had 14 spell levels left.
You knew the following spells:

 Your Spells              Type           Power      Damage    Failure   Level
a - Borgnjor's Vile Clut  Necr/Erth      26%        N/A       4%          5
c - Searing Ray           Conj           62%        2d6       2%          2
f - Magic Dart            Conj           100%       1d8       1%          1
h - Dispel Undead         Necr           53%        3d19      1%          4

Your spell library contained the following spells:

 Spells                   Type           Power      Damage    Failure   Level
 Animate Skeleton         Necr           100%       N/A       1%          1
 Pain                     Necr           100%       1d9       1%          1
 Animate Dead             Necr           26%        N/A       1%          4
 Corpse Rot               Necr/Air       62%        N/A       2%          2
 Agony                    Necr           53%        N/A       4%          5
 Static Discharge         Conj/Air       19%        N/A       9%          2
 Dazzling Flash           Conj/Hex       38%        N/A       17%         3
 Anguish                  Hex/Necr       15%        N/A       17%         4
 Sting                    Tmut/Pois      28%        1d4       21%         1
 Death Channel            Necr           26%        N/A       22%         6
 Ensorcelled Hibernation  Hex/Ice        14%        N/A       30%         2
 Poisonous Vapours        Pois/Air       14%        N/A       30%         2
 Iskenderun's Battlesphe  Conj           31%        2d8       43%         5
 Fulminant Prism          Conj/Hex       9%         3d7       50%         4
 Iskenderun's Mystic Bla  Conj/Tloc      19%        2d6       50%         4
 Spider Form              Tmut/Pois      7%         N/A       52%         3
 Iron Shot                Conj/Erth      21%        9d5       58%         6
 Lightning Bolt           Conj/Air       9%         1d22      85%         5
 Airstrike                Air            3%         N/A       89%         4
 Olgreb's Toxic Radiance  Pois           7%         N/A       89%         4
 Passage of Golubria      Tloc           7%         N/A       89%         4
 Summon Lightning Spire   Summ/Air       7%         N/A       89%         4
 Simulacrum               Ice/Necr       15%        N/A       95%         6
 Silence                  Hex/Air        3%         N/A       99%         5
 Haunt                    Necr/Summ      15%        N/A       100%        7
 Spellforged Servitor     Conj/Summ      9%         N/A       100%        7
 Borgnjor's Revivificati  Necr           26%        N/A       100%        8
 Infestation              Necr           26%        N/A       100%        8
 Lehudib's Crystal Spear  Conj/Erth      21%        10d6      100%        8
 Maxwell's Capacitive Co  Air            3%         ∞         100%        8
 Necromutation            Tmut/Necr      15%        N/A       100%        8
 Death's Door             Necr           26%        N/A       100%        9


Dungeon Overview and Level Annotations

Branches:
Dungeon (12/15)            Temple (1/1) D:4            Lair (0/6) D:10
 Bailey (visited)
    Orc: D:9-12

Altars:
Ashenzari
Cheibriados
Dithmenos
Elyvilon
Fedhas
Gozag
Hepliaklqana
Kikubaaqudgha
Makhleb
Nemelex Xobeh
Okawaru
Qazlal
Ru
Sif Muna
Trog
Uskayaw
Vehumet
Wu Jian
Xom
Yredelemnul
Zin
The Shining One
Jiyva

Shops:
D:2 *!*?   D:9 =

Annotations:
D:12 Frances


Innate Abilities, Weirdness & Mutations

You cannot be hasted, slowed, berserked, paralysed or teleported.
You can dig through walls and to a lower floor.
You have a pair of large antennae on your head. (SInv)
Your four strong arms can wield two-handed weapons with a shield.
Your mind is acute. (Int +2)
You have an increased reservoir of magic. (+10% MP)
Your muscles are strong. (Str +2)


Message History

The hellwing hits you but does no damage.
Casting: Borgnjor's Vile Clutch (dangerous; 4% risk of failure)
Confirm with . or Enter, or press ? or * to list all spells.
Aiming: Borgnjor's Vile Clutch (dangerous; 4% risk of failure)
Press: ? - help, Shift-Dir - straight line, f/p - Frances
Aim: Frances, wielding a +1 dire flail of protection and wearing a +0 scale mail (severely wounded, fast, 100% to hit)
Zombie hands grab the hellwing.
Zombie hands grab Frances.
Zombie hands grab the gnoll sergeant.
The zombie hands constrict Frances!
The zombie hands constrict the gnoll sergeant!
The zombie hands constrict the hellwing.
Frances escapes!
The hellwing hits you.
The hellwing hits you but does no damage.
You block the chaos spawn's attack. The hellwing misses you.
You block the hellwing's attack.
The gnoll sergeant struggles to escape constriction.
The zombie hands constrict the gnoll sergeant.
You kill the gnoll sergeant!
The zombie hands constrict the hellwing.
The hellwing barely misses you. You block the hellwing's attack.
The hellwing struggles to escape constriction.
The zombie hands constrict the hellwing!
Frances barely misses you.
The hellwing swoops through the air toward you!
The zombie hands lose their grip on the hellwing.
The hellwing misses you.
The hellwing hits you but does no damage.
You are no longer corroded.
There is a stone staircase leading down here.
Okay, then.
The hellwing disappears in a puff of smoke!
Frances whispers indecipherable words.
Frances says, "Show me proof of your conquests, and I will call you a great adventurer."
Frances hits you with a +1 dire flail of protection!
You die...
Your body crumbles into a pile of gold.

##.........##
#.........#
#..$......#
#.........#
#.........#
#$........#
#.........#
##..........#
##@§..........
#44@4........#
#............##
##.#.........#
##..........#
............
##.###...####
## #..# ...


You could see Frances (fast), a hellwing (summoned), an ice devil (summoned) and
a chaos spawn (summoned).

Vanquished Creatures
  2 vault guards (Bailey)
  A death knight (D:12)
  A centaur warrior (D:9)
  A two-headed ogre (D:11)
  4 skeletal warriors
  2 cyclopes (D:11)
  2 centaur zombies (D:11)
  Maurice (D:8)
  The ghost of kwasso the Stinger, a novice NaVM (D:4)
  An unseen horror (D:12)
  A gargoyle (D:12)
  Psyche (D:8)
  Maggie (D:7)
  2 freezing wraiths (D:12)
  3 kobold demonologists
  A troll (D:11)
  Grinder (D:5)
  Prince Ribbit (D:6)
  A blink frog (Bailey)
  A hornet (D:7)
  A meliai zombie (D:11)
  A shadow (D:11)
  3 wraiths
  31 yaks
  A vampire (D:11)
  7 humans (Bailey)
  Grum (D:8)
  Menkaure (D:5)
  3 wargs (D:10)
  4 water moccasins
  4 orc warriors
  2 sky beasts (D:6)
  A necrophage (D:6)
  3 ogres
  10 centaurs
  2 wolves (D:8)
  A phantom (D:7)
  5 kobold brigands
  2 gnoll sergeants
  A scorpion (D:4)
  15 bullfrogs
  4 wights (D:7)
  A howler monkey (D:4)
  2 bullfrog zombies
  5 jellies
  8 orc priests
  3 hounds (D:6)
  A bullfrog skeleton (D:7)
  A centaur skeleton (D:5)
  5 gnoll shamans
  5 iguanas
  Terence (D:1)
  13 orc wizards
  A killer bee zombie (D:8)
  3 howler monkey zombies
  33 gnolls
  6 adders
  A howler monkey skeleton (D:4)
  2 shadow imps
  2 white imps
  2 ufetubi (D:5)
  2 adder skeletons
  2 worms (D:4)
  38 orcs
  7 ball pythons
  8 endoplasms
  3 giant cockroaches
  14 goblins
  14 hobgoblins
  3 jackals (D:2)
  5 bats
  13 frilled lizards
  27 kobolds
  8 rats
  A spectral orc (D:6)
372 creatures vanquished.

Vanquished Creatures (others)
  62 plants
62 creatures vanquished.

Grand Total: 434 creatures vanquished

Notes
Turn   | Place    | Note
-------+----------+-------------------------------------------
     0 | D:1      | DildoBatman the Formicid Conjurer began the quest for the
                  | Orb.
     0 | D:1      | Reached XP level 1. HP: 13/13 MP: 3/3
   229 | D:1      | Found a faded altar of an unknown god.
   292 | D:1      | Reached XP level 2. HP: 19/19 MP: 1/5
   295 | D:1      | Learned a level 2 spell: Searing Ray
   568 | D:1      | Reached XP level 3. HP: 24/24 MP: 6/6
   961 | D:2      | Found Gimomuergh's General Store.
   982 | D:2      | Noticed Terence
  1186 | D:2      | Found Ceisubep's General Store.
  1257 | D:2      | Found Linat's Magic Scroll Boutique.
  1261 | D:2      | Found Cipomah's Distillery.
  1510 | D:2      | Reached XP level 4. HP: 30/30 MP: 3/7
  1555 | D:2      | Reached skill level 5 in Conjurations
  1689 | D:2      | Bought a scroll of magic mapping for 42 gold pieces
  1945 | D:2      | Reached XP level 5. HP: 3/33 MP: 4/8
  2441 | D:4      | Found a staircase to the Ecumenical Temple.
  2467 | Temple   | Entered the Ecumenical Temple
  2495 | Temple   | Became a worshipper of Kikubaaqudgha
  2619 | D:4      | Found a runed translucent door.
  2619 | D:4      | Noticed kwasso's ghost (novice NaVM)
  2626 | D:4      | Identified the +2 robe of Divine Compulsion {rF- rC+
                  | Stlth+}
  2709 | D:4      | Reached skill level 1 in Fighting
  2709 | D:4      | Reached skill level 1 in Armour
  2864 | D:4      | Reached XP level 6. HP: 26/44 MP: 5/10
  3740 | D:3      | Reached * piety under Kikubaaqudgha
  3740 | D:3      | Received a gift from Kikubaaqudgha
  3818 | D:3      | Reached XP level 7. HP: 33/50 MP: 1/12
  3933 | D:1      | Killed Terence
  3983 | D:2      | Bought a scroll of identify for 24 gold pieces
  4008 | D:2      | Bought a potion of curing for 33 gold pieces
  4026 | D:2      | Bought a potion of heal wounds for 55 gold pieces
  4081 | D:5      | Entered Level 5 of the Dungeon
  4424 | D:5      | Reached skill level 5 in Spellcasting
  4452 | D:5      | Noticed Menkaure
  4457 | D:5      | Killed Menkaure
  4458 | D:5      | Reached XP level 8. HP: 30/56 MP: 5/17
  4579 | D:5      | Noticed Grinder
  4588 | D:5      | Killed Grinder
  4930 | D:6      | Noticed Prince Ribbit
  4987 | D:6      | Reached ** piety under Kikubaaqudgha
  5228 | D:6      | Reached XP level 9. HP: 64/65 MP: 5/19
  5549 | D:6      | Killed Prince Ribbit
  5550 | D:6      | Reached skill level 5 in Fighting
  5550 | D:6      | Reached skill level 5 in Armour
  5689 | D:6      | Reached skill level 1 in Necromancy
  6090 | D:6      | Found a basalt altar of Yredelemnul.
  6162 | D:6      | Reached *** piety under Kikubaaqudgha
  6162 | D:6      | Received a gift from Kikubaaqudgha
  6175 | D:6      | Learned a level 4 spell: Dispel Undead
  6181 | D:6      | Learned a level 5 spell: Borgnjor's Vile Clutch
  6224 | D:6      | Reached skill level 1 in Earth Magic
  6386 | D:6      | Reached skill level 1 in Shields
  6745 | D:7      | Reached XP level 10. HP: 46/69 MP: 7/20
  6795 | D:7      | Identified the +1 ring mail of Incorporation {rC+ Regen+}
  6896 | D:7      | Reached skill level 5 in Necromancy
  6935 | D:7      | Found a flagged portal.
  7029 | D:7      | Reached skill level 5 in Earth Magic
  7091 | D:7      | Noticed Maggie
  7161 | D:7      | Killed Maggie
  7182 | Bailey   | Entered a bailey
  7259 | Bailey   | Reached **** piety under Kikubaaqudgha
  7570 | Bailey   | Reached XP level 11. HP: 56/79 MP: 4/21
  7608 | Bailey   | Noticed a vault guard
  7910 | Bailey   | Killed a vault guard
  7985 | Bailey   | Noticed a vault guard
  8039 | Bailey   | Killed a vault guard
  8746 | D:4      | Killed kwasso's ghost
  8855 | D:8      | Noticed Grum
  8886 | D:8      | Reached skill level 10 in Earth Magic
  8887 | D:8      | Killed Grum
  9096 | D:8      | Reached ***** piety under Kikubaaqudgha
  9249 | D:8      | Noticed Psyche
  9255 | D:8      | Killed Psyche
  9256 | D:8      | Reached skill level 10 in Necromancy
  9291 | D:8      | Noticed Maurice
  9302 | D:8      | Killed Maurice
  9604 | D:8      | Reached XP level 12. HP: 62/86 MP: 12/22
  9719 | D:9      | Found Ytsiopil's Jewellery Boutique.
  9736 | D:9      | Noticed a centaur warrior
  9743 | D:9      | Killed a centaur warrior
  9959 | D:9      | Identified the +0 ring mail of Privacy {+Inv rElec rN+}
 10063 | D:9      | Found a viscous altar of Jiyva.
 10345 | D:10     | Entered Level 10 of the Dungeon
 10426 | D:10     | Found a staircase to the Lair.
 10968 | D:10     | Identified the +2 leather armour of the Battered Servitors
                  | {Will+}
 11797 | D:12     | Noticed a two-headed ogre
 11802 | D:12     | Noticed a death knight
 11803 | D:12     | Reached ****** piety under Kikubaaqudgha
 11810 | D:12     | Reached XP level 13. HP: 59/93 MP: 6/23
 11882 | D:12     | Reached skill level 5 in Shields
 11977 | D:12     | Noticed Frances
 12083 | D:11     | Received a gift from Kikubaaqudgha
 12087 | D:11     | Fell from the grace of Kikubaaqudgha
 12214 | Temple   | Became a worshipper of Gozag Ym Sagoz the Greedy
 12287 | D:2      | Bought 2 potions of mutation for 176 gold pieces
 12294 | D:2      | Bought a scroll of fog for 24 gold pieces
 12294 | D:2      | Bought a scroll of immolation for 42 gold pieces
 12301 | D:2      | Bought a potion of might for 44 gold pieces
 12301 | D:2      | Bought a potion of resistance for 110 gold pieces
 12302 | D:2      | Gained mutation: You are frail. (-10% HP) [potion of
                  | mutation]
 12302 | D:2      | Gained mutation: You passively map a small area around you.
                  | [potion of mutation]
 12303 | D:2      | Lost mutation: You are frail. (-10% HP) [potion of
                  | mutation]
 12303 | D:2      | Lost mutation: You passively map a small area around you.
                  | [potion of mutation]
 12303 | D:2      | Gained mutation: Your body sometimes deteriorates upon
                  | taking damage. [potion of mutation]
 12304 | D:2      | Lost mutation: Your body sometimes deteriorates upon taking
                  | damage. [potion of mutation]
 12304 | D:2      | Gained mutation: Your muscles are strong. (Str +2) [potion
                  | of mutation]
 12304 | D:2      | Gained mutation: You have an increased reservoir of magic.
                  | (+10% MP) [potion of mutation]
 12304 | D:2      | Gained mutation: Your mind is acute. (Int +2) [potion of
                  | mutation]
 12673 | D:11     | Reached skill level 5 in Dodging
 12821 | D:12     | Slain by Frances

Illustrated notes

Levels and vault maps discovered:
D:1:      scummos_arrival_gate, layout_basic,
          shapermc_ecumenical_altar_mp_ritualfount
D:2:      layout_loops_ring, serial_shops, nicolae_square_shop,
          nicolae_shop_waterfront, nicolae_shop_statue_plus,
          nicolae_shop_crystal, chequers_mini_garden, minmay_pentomino_t4,
          uniq_terence
D:3:      layout_basic, nicolae_grassy_gnolls
D:4:      layout_basic, minmay_temple_entry_overgrown,
          hellmonk_ghost_happy_afterlife
D:5:      layout_cave_pools, serial_rivers, chequers_serial_rivers_large_b,
          chequers_serial_rivers_micro_e, chequers_serial_rivers_large_a,
          chequers_serial_rivers_small_b, hangedman_decor_riveting,
          uniq_menkaure, uniq_grinder
D:6:      kennysheep_housing_project, layout_basic,
          yredelemnul_forgotten_temple_becter, minmay_lizard_king,
          uniq_prince_ribbit1
D:7:      layout_basic, enter_bailey_4, uniq_maggie
D:8:      layout_layer_cave, minmay_misc_feat_more_columns,
          minmay_misc_feat_rugged, uniq_psyche, uniq_grum, uniq_maurice
D:9:      layout_loops_ring, serial_shops, nicolae_shop_hallway_stairs,
          jiyva_altar_1
D:10:     layout_loops_cross, erik_lair_orcish_takeover
D:11:     layout_layer_cave
D:12:     layout_cross, orc_0_dummy, minmay_the_grid_2x2
          [minmay_the_grid_tiny_cups, minmay_the_grid_odd_star,
          minmay_the_grid_minigrid_medium,
          minmay_the_grid_prize_shrinking_boxes], uniq_frances, uniq_nergalle
Temple:   nicolae_temple_the_god_donut

Skill      XL: |  1  2  3  4  5  6  7  8  9 10 11 12 13 |
---------------+----------------------------------------+-----
Conjurations   | 4 5 6 |  6.0
Fighting       | 1 2 4 5 6 7 |  7.2
Armour         | 1 2 3 6 7 |  7.9
Spellcasting   | 3 6 7 |  7.0
Dodging        | 3 4 5 |  5.2
Necromancy     | 4 7 10 12 | 12.0
Earth Magic    | 2 7 11 12 | 12.0
Shields        | 2 3 4 6 |  6.3
Stealth        | |  2.4

Action                   |  1- 3 |  4- 6 |  7- 9 | 10-12 | 13-15 || total
-------------------------+-------+-------+-------+-------+-------++-------
Melee: Spear             |    21 |    21 |       |       |       ||    42
       Rapier            |       |     6 |       |       |       ||     6
       Dagger            |       |       |    23 |       |       ||    23
       Morningstar       |       |       |    28 |       |       ||    28
       Staff             |       |       |    18 |       |       ||    18
       Punch             |       |       |     1 |       |       ||     1
       Whip              |       |       |    11 |   402 |    41 ||   454
Throw: Dart              |       |     2 |       |     5 |       ||     7
 Cast: Magic Dart        |    40 |    32 |    48 |     3 |       ||   123
       Searing Ray       |     3 |    15 |    66 |    38 |       ||   122
       Borgnjor's Vile C |       |       |       |    54 |    22 ||    76
       Dispel Undead     |       |       |       |    12 |     7 ||    19
Invok: Receive Forbidden |       |       |       |       |     1 ||     1
       Renounce Religion |       |       |       |       |     1 ||     1
 Abil: Dig               |     1 |     1 |       |     1 |       ||     3
  Use: Potion            |       |       |       |     6 |     3 ||     9
 Stab: Distracted        |     1 |       |       |       |       ||     1
       Sleeping          |       |     1 |       |     1 |       ||     2
Armor: Robe              |     5 |     4 |    33 |       |       ||    42
       Ring mail         |       |       |       |   147 |    42 ||   189
Dodge: Dodged            |    24 |    22 |    83 |   222 |    54 ||   405
Block: Other             |       |       |    26 |       |       ||    26
       Buckler           |       |       |     2 |   270 |    61 ||   333
       Reflection        |       |       |       |    23 |     6 ||    29
